 Dungeon Crawl Stone Soup version 0.31-a0-662-g684573625c (console) character file.

Game seed: 6896627199239110877

6206 petzl the Covert (level 11, -3/73 (79) HPs)
             Began as a Formicid Delver on Aug 31, 2023.
             Was a Believer of Vehumet.
             Killed by miscasting Iskenderun's Mystic Blast (10 damage)
             ... on level 14 of the Dungeon.
             The game lasted 00:52:17 (10169 turns).

petzl the Covert (Formicid Delver)                 Turns: 10169, Time: 00:52:18

HP:   -3/73 (79)    AC: 18    Str: 13    XL:     11   Next: 14%
MP:   14/22         EV: 12    Int: 18    God:    Vehumet [**....]
Gold: 206           SH:  0    Dex: 15    Spells: 20/25 levels left

rFire   x . .        c - +4 mace {elec, rF- Int+4}
rCold   . . .        (no shield)
rNeg    . . .        Q - +0 ring mail {rPois}
rPois   +            (helmet unavailable)
rElec   .            z - +0 cloak
rCorr   .            (no gloves)
SInv    +            (no boots)
Will    +....        q - amulet of regeneration
Stlth   +++          A - +4 ring of protection
HPRegen 1.12/turn    N - +4 ring of protection
MPRegen 0.18/turn

%: clarity
@: stuck, very slightly contaminated, drained
A: permanent stasis, dig shafts and tunnels, antennae 3, four strong arms,
iridescent scales 1, clarity, weak 2
a: Dig, Shaft Self, Renounce Religion


You were on level 14 of the Dungeon.
You worshipped Vehumet.
Vehumet was pleased with you.
You visited 2 branches of the dungeon, and saw 15 of its levels.
You also visited: Sewer.

You collected 619 gold pieces.
You spent 413 gold pieces at shops.

Inventory:

Hand Weapons
 a - the +2 orcbow of Integrity {flame, Int+3}
   (You found it in a sewer)

   Int+3:     It affects your intelligence (+3).
 b - a +3 dagger of venom {!f =f}
 c - the +4 mace of Abomination (weapon) {elec, rF- Int+4}
   (You found it on level 4 of the Dungeon)

   Int+4:     It affects your intelligence (+4).
   rF-:       It makes you vulnerable to fire.
 B - a +1 whip of flaming
 G - a +1 orcbow of draining
Missiles
 i - 12 poisoned darts
 I - 4 javelins
 J - 2 curare-tipped darts
Armour
 g - a +0 leather armour
 x - a +2 ring mail of cold resistance
 z - a +0 cloak (worn)
 Q - a +0 ring mail of poison resistance (worn)
 T - a +1 robe of willpower
Jewellery
 d - a ring of resist corrosion
 j - a ring of flight
 q - an amulet of regeneration (around neck)
 v - an amulet of magic regeneration
 A - a +4 ring of protection (left hand)
 D - a ring of positive energy
 E - a +6 ring of dexterity
 K - an amulet of guardian spirit
 L - a ring of ice
 N - a +4 ring of protection (right hand)
 S - a +6 ring of strength
Wands
 f - a wand of digging (2)
 w - a wand of iceblast (4)
 C - a wand of flame (25)
 H - a wand of polymorph (19)
Scrolls
 h - a scroll of enchant armour
 k - 2 scrolls of vulnerability
 l - 2 scrolls of immolation {unknown}
 o - 2 scrolls of fog
 t - 5 scrolls of enchant weapon
 u - a scroll of torment
 y - 3 scrolls of amnesia
 R - 2 scrolls of fear
Potions
 e - a potion of berserk rage {unknown}
 m - 2 potions of mutation
 n - 4 potions of brilliance
 p - 10 potions of curing {unknown}
 r - 4 potions of magic {unknown}
 s - 4 potions of attraction {unknown}
 F - 6 potions of enlightenment
 M - 2 potions of ambrosia {unknown}
 O - a potion of might {unknown}
 P - a potion of heal wounds


   Skills:
 - Level 5.0 Fighting
 - Level 2.0 Maces & Flails
 - Level 5.0 Ranged Weapons
 + Level 8.1 Armour
 + Level 4.0 Dodging
 - Level 9.0 Stealth
 + Level 7.6 Spellcasting
 * Level 5.0 Conjurations
 + Level 3.3 Translocations
 + Level 3.0 Air Magic


You had 20 spell levels left.
You knew the following spells:

 Your Spells              Type           Power      Damage    Failure   Level
a - Shock                 Conj/Air       84%        1d8       3%          1
b - Iskenderun's Mystic   Conj/Tloc      22%        2d6       34%         4

Your spell library contained the following spells:

 Spells                   Type           Power      Damage    Failure   Level
 Inner Flame              Hex/Fire       6%         N/A       50%         3
 Apportation              Tloc           38%        N/A       4%          1
 Kiss of Death            Conj/Necr      64%        2d10      7%          1
 Lesser Beckoning         Tloc           38%        N/A       8%          2
 Gell's Gravitas          Tloc           19%        N/A       14%         3
 Teleport Other           Tloc           19%        N/A       14%         3
 Necrotise                Necr           24%        1d5       19%         1
 Summon Small Mammal      Summ           24%        N/A       19%         1
 Volatile Blastmotes      Fire/Tloc      24%        2d12      28%         3
 Call Canine Familiar     Summ           6%         N/A       50%         3
 Confusing Touch          Hex            6%         N/A       50%         3
 Summon Guardian Golem    Hex/Summ       6%         N/A       50%         3
 Fulminant Prism          Conj/Hex       8%         3d7       56%         4
 Chain Lightning          Conj/Air       10%        3d14      100%        9


Dungeon Overview and Level Annotations

Branches:
Dungeon (13/15)            Temple (1/1) D:6            Lair (0/5) D:9
  Sewer (visited)
    Orc: D:9-12      Vaults: D:13-14

Altars:
Ashenzari
Cheibriados
Dithmenos
Elyvilon
Fedhas
Gozag
Hepliaklqana
Kikubaaqudgha
Makhleb
Nemelex Xobeh
Okawaru
Qazlal
Ru
Sif Muna
Trog
Uskayaw
Vehumet
Xom
Yredelemnul
Zin
The Shining One

Shops:
D:3 [   D:6 :   D:7 *   D:14 (=

Portals:
Bailey: D:10

Annotations:
D:7 1 runed translucent door
D:8 exclusion: downstairs
D:12 exclusion: downstairs
D:13 exclusions: centaur warrior and 2 sensed monsters (detected)


Innate Abilities, Weirdness & Mutations

You cannot be hasted, slowed, berserked, paralysed or teleported.
You can dig through walls and to a lower floor.
You have a pair of large antennae on your head. (SInv)
Your four strong arms can wield two-handed weapons with a shield.
You are partially covered in iridescent scales. (AC +2)
You possess an exceptional clarity of mind.
You are very weak. (Str -4)


Message History

You barely miss the freezing wraith.
The freezing wraith is lightly damaged.
The freezing wraith hits you! The freezing wraith freezes you!
The freezing wraith hits you but does no damage.
You hit the freezing wraith.
The freezing wraith is lightly damaged.
The freezing wraith misses you. The freezing wraith hits you.
You closely miss the freezing wraith.
The freezing wraith is lightly damaged.
The freezing wraith misses you.
The freezing wraith hits you but does no damage.
You sock the freezing wraith!
The freezing wraith is moderately damaged.
The freezing wraith barely misses you.
The freezing wraith hits you but does no damage.
The freezing wraith hits you! The freezing wraith freezes you!
The freezing wraith closely misses you.
You completely miss the freezing wraith.
The freezing wraith is moderately damaged.
The freezing wraith hits you. The freezing wraith freezes you!
* * * LOW HITPOINT WARNING * * *
The freezing wraith hits you.
* * * LOW HITPOINT WARNING * * *
Casting: Shock (safe; 3% risk of failure)
Confirm with . or Enter, or press ? or * to list all spells.
You miscast Iskenderun's Mystic Blast.
You are very lightly contaminated with residual magic.
You catch a glimpse of the back of your own head.
You are magically locked in place.
The freezing wraith closely misses you. The freezing wraith hits you.
* * * LOW HITPOINT WARNING * * *
The freezing wraith drains your vigour!
Your stasis prevents you from being slowed.
Unknown command.
Unknown command.
Unknown command.
Casting: Iskenderun's Mystic Blast (dangerous; 34% risk of failure)
Confirm with . or Enter, or press ? or * to list all spells.
You miscast Iskenderun's Mystic Blast.
Strange energies run through your body!
You die...

###..##. ...##..# . ....#
#......# #...#..###.## .....
#......####.......##$##.....
##.................#.........
#..............#...........|.
#...........................z
#...........................
##
##..........@W).......∩./...
..#
#...#################.......
#≈~.# #...# .......
#≈≈~.###..# .......
.≈≈≈~.#...# .....∩.
o9≈≈~.....# .#.....
#≈≈≈~.#...# ##.....
#≈≈~~.##..# #.#.# #~~~......#
+.........# +.........#
+.........# #~~~......#
#≈≈≈~.....# #≈≈≈~.....#
p≈≈≈~....Q.


You could see a freezing wraith.

Vanquished Creatures
  3 polar bears (D:9)
  A hornet (D:8)
  2 shadows (D:11)
  2 wraiths
  A wyvern (D:8)
  2 yaks (D:11)
  A steam dragon (D:6)
  2 water moccasins
  2 orc warriors
  2 sky beasts
  3 black bears
  7 ice beasts
  An ogre (D:7)
  3 wolves (D:9)
  A centaur (D:5)
  A phantom (D:5)
  3 kobold brigands
  3 bullfrogs
  A gnoll sergeant (D:7)
  A scorpion (D:5)
  6 killer bees (D:7)
  3 howler monkeys (D:7)
  3 jellies
  7 orc priests
  3 gnoll boudas
  5 hounds
  A sleepcap (D:6)
  An iguana (D:4)
  6 orc wizards
  Ijyb (D:3)
  23 gnolls
  13 adders
  4 river rats
  2 ufetubi (D:5)
  2 worms
  2 dart slugs
  25 orcs
  3 bats
  10 endoplasms
  3 giant cockroaches (D:3)
  11 goblins
  8 hobgoblins
  7 jackals
  37 kobolds
  7 quokkas
  7 ball pythons
  5 frilled lizards
  24 rats
271 creatures vanquished.

Notes
Turn   | Place    | Note
-------+----------+-------------------------------------------
     0 | D:5      | petzl the Formicid Delver began the quest for the Orb.
     0 | D:5      | Reached XP level 1. HP: 18/18 MP: 1/1
    97 | D:1      | Found a faded altar of an unknown god.
   106 | D:1      | Got Plato's Compilation of Bodies
   131 | D:1      | Reached XP level 2. HP: 21/24 MP: 2/2
   202 | D:1      | Reached skill level 1 in Ranged Weapons
   298 | D:1      | Reached XP level 3. HP: 29/29 MP: 4/4
   415 | D:3      | HP: 1/29 [poisoned by an adder]
   545 | D:3      | Reached skill level 1 in Spellcasting
   562 | D:3      | Found Oweasiump's Armour Boutique.
   611 | D:3      | Found a glowing drain.
   620 | Sewer    | Entered a sewer
   904 | Sewer    | Reached XP level 4. HP: 37/37 MP: 5/5
  1086 | Sewer    | Reached XP level 5. HP: 38/42 MP: 7/7
  1416 | Sewer    | Gained mutation: You are weak. (Str -2) [potion of
                  | mutation]
  1416 | Sewer    | Gained mutation: You are very weak. (Str -4) [potion of
                  | mutation]
  1416 | Sewer    | Gained mutation: You possess an exceptional clarity of
                  | mind. [potion of mutation]
  1416 | Sewer    | Gained mutation: You are partially covered in iridescent
                  | scales. (AC +2) [potion of mutation]
  1439 | Sewer    | Identified the +2 orcbow of Integrity {flame, Int+3}
  2444 | D:2      | Reached XP level 6. HP: 48/48 MP: 9/9
  2940 | D:3      | Reached skill level 1 in Armour
  3094 | D:3      | Noticed Ijyb
  3106 | D:3      | Killed Ijyb
  3325 | D:3      | Found an ancient bone altar of Kikubaaqudgha.
  3343 | D:3      | Found a hazy altar of Hepliaklqana.
  3453 | D:3      | Found a sacrificial altar of Ru.
  3631 | D:4      | Reached skill level 7 in Stealth
  3854 | D:4      | Identified the +4 mace of Abomination {elec, rF- Int+4}
  3967 | D:4      | Found an iron altar of Okawaru.
  4062 | D:4      | Found a shimmering blue altar of Sif Muna.
  4083 | D:4      | Reached XP level 7. HP: 55/55 MP: 10/10
  4613 | D:5      | Found a sparkling altar of Nemelex Xobeh.
  4770 | D:5      | Found a snail-covered altar of Cheibriados.
  4784 | D:5      | Reached XP level 8. HP: 61/61 MP: 12/12
  4941 | D:5      | Found a broken altar of Ashenzari.
  5005 | D:5      | Reached skill level 5 in Fighting
  5136 | D:5      | Found a burning altar of Makhleb.
  5344 | D:5      | Reached skill level 5 in Ranged Weapons
  5460 | D:6      | Reached skill level 8 in Stealth
  5528 | D:6      | Found a shadowy altar of Dithmenos.
  5823 | D:7      | Reached XP level 9. HP: 67/68 MP: 15/15
  5919 | D:6      | Found Moisul's Vocational Training.
  5919 | D:6      | Found a staircase to the Ecumenical Temple.
  5933 | Temple   | Entered the Ecumenical Temple
  5940 | Temple   | Became a worshipper of Vehumet
  5997 | D:6      | Reached skill level 9 in Stealth
  6343 | D:7      | Reached skill level 5 in Armour
  6343 | D:7      | Reached skill level 5 in Spellcasting
  6892 | D:7      | Reached * piety under Vehumet
  6892 | D:7      | Offered knowledge of Shock by Vehumet.
  6895 | D:7      | Learned a level 1 spell: Shock
  6900 | D:7      | Learned a level 4 spell: Iskenderun's Mystic Blast
  6918 | D:7      | Found a runed translucent door.
  6919 | D:7      | Found a basalt altar of Yredelemnul.
  6992 | D:7      | Reached skill level 1 in Conjurations
  7032 | D:7      | Reached skill level 1 in Translocations
  7067 | D:6      | Reached XP level 10. HP: 29/74 MP: 19/19
  7327 | D:7      | Found a transporter.
  7327 | D:7      | Found Kogego's General Store.
  7489 | D:7      | Reached skill level 1 in Air Magic
  7703 | D:7      | Found a transporter.
  7714 | D:7      | Bought a potion of enlightenment for 70 gold pieces
  7714 | D:7      | Bought a potion of heal wounds for 70 gold pieces
  7714 | D:7      | Bought a scroll of enchant weapon for 105 gold pieces
  7714 | D:7      | Bought a +0 ring mail of poison resistance for 112 gold
                  | pieces
  7714 | D:7      | Bought a scroll of fear for 56 gold pieces
  8887 | D:9      | Got the Writings on Enthralling Lightning
  8941 | D:9      | Offered knowledge of Static Discharge by Vehumet.
  8976 | D:9      | Reached ** piety under Vehumet
  9095 | D:9      | Found a staircase to the Lair.
  9484 | D:9      | Noticed a rime drake
  9501 | D:10     | Entered Level 10 of the Dungeon
  9535 | D:10     | Found a flagged portal.
  9565 | D:10     | You fall into a shaft and drop 3 floors!
  9606 | D:13     | Noticed a centaur warrior
  9734 | D:13     | Noticed a four-headed hydra
  9833 | D:11     | Reached XP level 11. HP: 79/79 MP: 22/22
  9895 | D:11     | Noticed a manticore
  9942 | D:10     | Noticed a two-headed ogre
  9946 | D:10     | You fall into a shaft and drop 2 floors!
 10059 | D:11     | Offered knowledge of Inner Flame by Vehumet.
 10079 | D:11     | Reached skill level 5 in Conjurations
 10103 | D:11     | You fall into a shaft and drop 3 floors!
 10123 | D:14     | Noticed an orc knight
 10123 | D:14     | Noticed a vault guard
 10143 | D:14     | Found Moahutakut's Antique Weapon Boutique.
 10147 | D:14     | Found Jenam's Jewellery Boutique.
 10148 | D:14     | Noticed a skeletal warrior
 10169 | D:14     | Killed by miscasting Iskenderun's Mystic Blast

Illustrated notes

Levels and vault maps discovered:
D:1:      spicycebolla_arrival_xxxplode, layout_basic,
          shapermc_ecumenical_altar_rom_forum
D:2:      layout_loops_cross, chequers_arboretum, minivault_27,
          nicolae_twisty_statue_hallways
D:3:      layout_rooms, nicolae_ru_awakened_eye,
          mainiacjoe_overflow_large_starburst, portal_sewer_entry_a,
          serial_shops, nicolae_shop_hallway_plus, uniq_ijyb
D:4:      layout_basic, led_sif_book, mainiacjoe_overflow_catwalk
D:5:      layout_basic, mainiacjoe_overflow_surrounded_room,
          mainiacjoe_overflow_six_doors_small, ashenzari_altar_1,
          lightli_temple_of_fire, minmay_misc_feat_five
D:6:      layout_rooms, amcnicky_altar_gilded, minmay_temple_entry_proselytizer,
          nicolae_shop_vocational
D:7:      layout_loops_ring, dk_yredelemnul_ordeal, serial_shops,
          nicolae_shop_drivethru, minmay_checkerbox
D:8:      layout_rooms, serial_corexii_hall, corexii_hall_statues_deadend,
          corexii_hall_statues_t
D:9:      layout_loops_corners, nicolae_wu_jian_glorious_leap,
          hellmonk_lair_entry_icy, serial_shops, shop, special_room
          [special_room_orc], chequers_serial_rivers_micro_e
D:10:     minmay_the_grid_plus_closed [minmay_the_grid_zigzag_pyramid,
          minmay_the_grid_paths, minmay_the_grid_odd_star,
          minmay_the_grid_tiny_cups, minmay_the_grid_prize_four_corners],
          layout_rooms, enter_bailey_5, kennysheep_opposing_triangles
D:11:     layout_loops_ring, serial_shops, shop, amcnicky_mini_pool_medium,
          uniq_amaemon
D:12:     layout_cave_pools, hiddenorc2_lemuel, serial_shops, shop
D:13:     layout_stronghold, minmay_misc_feat_ornament,
          chequers_serial_rivers_micro_e
D:14:     layout_cave_pools, grunt_vaults_entry_fortified, serial_shops,
          kennysheep_little_box, shop, shop, shop,
          nicolae_shop_bloodbath_and_beyond, fedhas_altar_fruit_tree,
          uniq_louise, uniq_azrael
Temple:   compressed_dpeg_circular_temple

Skill      XL: |  1  2  3  4  5  6  7  8  9 10 11 |
---------------+----------------------------------+-----
Ranged Weapons | 1 2 3 4 5 |  5.0
Spellcasting   | 1 2 4 6 7 |  7.6
Fighting       | 4 5 |  5.0
Dodging        | 2 3 4 |  4.0
Armour         | 1 2 4 6 7 8 |  8.1
Stealth        | 7 8 9 |  9.0
Conjurations   | 1 4 5 |  5.0
Translocations | 1 3 |  3.3
Air Magic      | 2 3 |  3.0
Maces & Flails | |  2.0

Action                     |  1- 3 |  4- 6 |  7- 9 | 10-12 || total
---------------------------+-------+-------+-------+-------++-------
  Melee: Mace              |    44 |       |    37 |    89 ||   170
         Whip              |     3 |    38 |       |       ||    41
         Punch             |     2 |       |     3 |     5 ||    10
         Dagger            |       |    50 |   113 |   105 ||   268
         Unarmed           |       |       |     7 |       ||     7
   Fire: Sling             |    63 |    46 |       |       ||   109
         Orcbow            |       |   106 |   143 |   106 ||   355
   Cast: Iskenderun's Myst |       |       |       |     2 ||     2
         Shock             |       |       |       |     1 ||     1
Ability: Dig               |       |     1 |       |     3 ||     4
         Shaft Self        |       |       |       |     3 ||     3
  Evoke: Wand              |       |       |     2 |     6 ||     8
    Use: Scroll            |     2 |       |     4 |     5 ||    11
         Potion            |     1 |     3 |       |     1 ||     5
   Stab: Sleeping          |     1 |       |       |       ||     1
         Invisible         |       |     2 |       |       ||     2
 Armour: Leather armour    |    45 |    71 |       |       ||   116
         Ring mail         |       |     2 |   172 |   209 ||   383
         Skin              |       |       |     3 |       ||     3
  Dodge: Dodged            |    52 |    70 |   142 |   142 ||   406

Table legend: (Time is in decaauts)
 A = Elapsed time spent in this place.
 B = Non-inter-level travel time spent in this place.
 C = Inter-level travel time spent in this place.
 D = Time resting spent in this place.
 E = Time spent auto-exploring this place.
 F = Levels seen in this place.
 G = Mean time per level.
                   A        B        C        D        E       F      G
               +--------+--------+--------+--------+--------+-----+--------+
         Total |  10343 |   9922 |    421 |   1870 |   4343 |  16 |  646.4 |
       Dungeon |   9309 |   8901 |    408 |   1640 |   4216 |  14 |  664.9 |
        Temple |     14 |      1 |     13 |      0 |      0 |   1 |   14.0 |
         Sewer |   1019 |   1019 |      0 |    230 |    126 |   1 | 1019.0 |
               +--------+--------+--------+--------+--------+-----+--------+

Top non-repeatable levels by time:
     D:5: 1230 daAuts
     D:7: 1230 daAuts
   Sewer: 1019 daAuts
     D:4: 979 daAuts
     D:8: 972 daAuts
     D:3: 960 daAuts
     D:2: 960 daAuts
     D:9: 956 daAuts
     D:6: 674 daAuts
     D:1: 665 daAuts
    D:11: 308 daAuts
    D:13: 209 daAuts
    D:10: 72 daAuts
    D:14: 68 daAuts
    D:12: 19 daAuts
